 Dungeon Crawl Stone Soup version 0.28.0-47-ge53b351184 (webtiles) character file.

Game seed: 9561744859381946158

93 Iusername the Covered (level 4, 0/41 HPs)
             Began as a Minotaur Fighter on May 6, 2022.
             Slain by a black bear (6 damage)
             ... on level 3 of the Dungeon.
             The game lasted 00:02:16 (2178 turns).

Iusername the Covered (Minotaur Fighter)            Turns: 2178, Time: 00:02:17

Health: 0/41       AC:  7    Str: 23    XL:     4   Next: 37%
Magic:  3/3        EV:  9    Int:  5    God:
Gold:   62         SH:  4    Dex:  9    Spells: 3/3 levels left

rFire   . . .      SeeInvis .   a - +0 trident
rCold   . . .      Faith    .   c - +0 buckler
rNeg    . . .      Spirit   .   b - +0 scale mail
rPois   .          Reflect  .   (helmet restricted)
rElec   .          Harm     .   (no cloak)
rCorr   .          Rampage  .   (no gloves)
Will    .....                   (no boots)
Stlth   ..........              (no amulet)
HPRegen 0.13/turn               (no ring)
MPRegen 0.08/turn               (no ring)

@: no status effects
A: horns 2, retaliatory headbutt
a: no special abilities


You were on level 3 of the Dungeon.
You visited 1 branch of the dungeon, and saw 3 of its levels.

You collected 62 gold pieces.

Inventory:

Hand Weapons
 a - a +0 trident (weapon)
Armour
 b - a +0 scale mail (worn)
 c - a +0 buckler (worn)
Jewellery
 k - a +4 ring of evasion
Scrolls
 e - a scroll of acquirement {unknown}
 f - 3 scrolls of identify {unknown}
 l - a scroll of summoning {unknown}
 m - a scroll of vulnerability {unknown}
 o - a scroll of enchant weapon {unknown}
Potions
 d - a potion of might
 g - a potion of lignification {unknown}
 h - a potion of haste {unknown}
 i - a potion of mutation {unknown}
 j - a potion of attraction {unknown}
 n - a potion of curing {unknown}


   Skills:
 + Level 4.4 Fighting
 + Level 3.4 Polearms
 + Level 4.4 Armour
 + Level 4.4 Shields


You had 3 spell levels left.
You didn't know any spells.
Your spell library contained the following spells:

 Spells                   Type           Power      Damage    Failure   Level
 Frozen Ramparts          Ice            0%         1d2       99%         3
 Ice Form                 Ice/Tmut       0%         N/A       100%        4
 Summon Ice Beast         Ice/Summ       0%         N/A       100%        4


Dungeon Overview and Level Annotations

Branches:
Dungeon (3/15)

Altars:


Innate Abilities, Weirdness & Mutations

You have a pair of horns on your head.
You reflexively headbutt those who attack you in melee.


Message History

The black bear is almost dead.
The black bear barely misses you.
The black bear claws you but does no damage.
The black bear closely misses you.
The black bear bites you but does no damage.
The black bear claws you but does no damage.
The black bear barely misses you.
Welcome back, Iusername the Minotaur Fighter.
Press ? for a list of commands and other information.
There are monsters nearby!
You hit the black bear but do no damage.
The black bear is almost dead.
You block the black bear's attack. The black bear claws you.
The black bear barely misses you.
There are monsters nearby!
You hit the black bear.
The black bear is almost dead.
The black bear closely misses you. You block the black bear's attack. x2
The black bear closely misses you. The black bear claws you. x2
There are monsters nearby!
You barely miss the black bear.
The black bear is almost dead.
The black bear bites you.
The black bear claws you but does no damage. x2
You block the black bear's attack. The black bear claws you.
The black bear barely misses you.
You closely miss the black bear.
The black bear is almost dead.
The black bear bites you!
The black bear claws you but does no damage.
The black bear barely misses you.
The black bear bites you but does no damage.
The black bear claws you.
The black bear claws you but does no damage.
You barely miss the black bear.
The black bear is almost dead.
The black bear bites you!
* * * LOW HITPOINT WARNING * * *
The black bear claws you.
You die...

#....# #. #....###.#.#
#........ ###......#.#
#........ #.######.#
#........
#.######.####........
#...........#...w....
#...........#........
#...........#.h......
##...####.####@########
#....####..............
#.....................#
#....########.........#
#....# #.........#
#....# #.........#
#....# #.........#
#....# #.........#
#....# ###########


You could see a black bear (berserk) and a worm.

Vanquished Creatures
  An adder (D:2)
  A shadow imp (D:3)
  4 worms
  2 dart slugs (D:2)
  5 orcs
  4 endoplasms
  3 giant cockroaches
  7 goblins
  5 hobgoblins
  2 jackals (D:2)
  5 quokkas
  4 ball pythons
  5 bats
  2 kobolds (D:1)
  3 rats
53 creatures vanquished.

Notes
Turn   | Place    | Note
-------+----------+-------------------------------------------
     0 | D:1      | Iusername the Minotaur Fighter began the quest for the Orb.
     0 | D:1      | Reached XP level 1. HP: 19/19 MP: 0/0
   264 | D:1      | Reached XP level 2. HP: 27/27 MP: 1/1
   700 | D:2      | Reached XP level 3. HP: 33/33 MP: 2/2
  1496 | D:2      | Reached XP level 4. HP: 40/40 MP: 3/3
  2169 | D:3      | Noticed a black bear
  2178 | D:3      | Slain by a black bear

Illustrated notes

Levels and vault maps discovered:
D:1:      matt_arrival_grand_opening, layout_rooms
D:2:      minmay_alternating_diamond, layout_loops_ring,
          minmay_fractal_squares_gapless_5
D:3:      layout_basic, serial_glass, glass_columns_b, glass_columns_a,
          due_unseen_surprise, item_on_display_a, item_on_display_a,
          feat_on_display, uniq_natasha

Skill      XL: |  1  2 |
---------------+-------+-----
Armour         | 4 |  4.4
Shields        | 4 |  4.4
Fighting       | 4 |  4.4
Polearms       | 3 |  3.4

Action                   |  1- 3 |  4- 6 || total
-------------------------+-------+-------++-------
Melee: Trident           |    95 |    26 ||   121
       Headbutt          |    12 |     5 ||    17
Armor: Scale mail        |    26 |    15 ||    41
Dodge: Dodged            |    30 |    20 ||    50
Block: Buckler           |    12 |     6 ||    18
